 Dungeon Crawl Stone Soup version 0.31-a0-627-gd65175cf8b (webtiles) character file.

Game seed: 9830936204121723067

57 BritishOli the Trooper (level 3, -2/29 HPs)
             Began as a Demonspawn Fighter on Aug 25, 2023.
             Slain by an iguana (11 damage)
             ... on level 5 of the Dungeon.
             The game lasted 00:01:05 (1766 turns).

BritishOli the Trooper (Demonspawn Fighter)         Turns: 1766, Time: 00:01:05

Health: -2/29      AC:  6    Str: 18    XL:     3   Next: 73%
Magic:  3/3        EV:  9    Int:  9    God:
Gold:   121        SH:  5    Dex: 14    Spells: 2/2 levels left

rFire   + . .        a - +0 war axe
rCold   . . .        c - +0 buckler
rNeg    . . .        b - +0 scale mail
rPois   .            (no helmet)
rElec   .            (no cloak)
rCorr   .            (no gloves)
SInv    +            (no boots)
Will    .....        (no amulet)
Stlth   +            g - ring of protection from fire
HPRegen 0.24/turn    j - ring of see invisible
MPRegen 0.08/turn

%: no passive effects
@: mighty, marked
A: thin skeletal structure 1
a: no special abilities


You were on level 5 of the Dungeon.
You visited 1 branch of the dungeon, and saw 5 of its levels.

You collected 121 gold pieces.

Inventory:

Hand Weapons
 a - a +0 war axe (weapon)
Armour
 b - a +0 scale mail (worn)
 c - a +0 buckler (worn)
Jewellery
 g - a ring of protection from fire (left hand)
 j - a ring of see invisible (right hand)
 l - a ring of willpower
 n - an amulet of magic regeneration
Scrolls
 h - a scroll of revelation {unknown}
 i - a scroll of identify {unknown}
 k - a scroll of vulnerability {unknown}
 m - a scroll of brand weapon {unknown}
 o - a scroll of enchant weapon {unknown}
 p - a scroll of enchant armour {unknown}
Potions
 e - 4 potions of curing
 f - 3 potions of heal wounds {unknown}
 q - a potion of magic {unknown}
 r - a potion of berserk rage {unknown}
 s - a potion of enlightenment {unknown}


   Skills:
 + Level 3.5 Fighting
 + Level 2.3 Axes
 + Level 3.1 Armour
 + Level 3.1 Shields


You had 2 spell levels left.
You didn't know any spells.
Your spell library contained the following spells:

 Spells                   Type           Power      Damage    Failure   Level
 Apportation              Tloc           0%         N/A       85%         1
 Necrotise                Necr           0%         1d4       85%         1
 Summon Small Mammal      Summ           0%         N/A       85%         1


Dungeon Overview and Level Annotations

Branches:
Dungeon (6/15)
 Temple: D:4-7

Altars:
Qazlal
Vehumet

Annotations:
D:5 Sigmund


Innate Abilities, Weirdness & Mutations

You have a somewhat thin skeletal structure. (Dex +2, Stealth+)


Message History

You hit Sigmund.
Sigmund is moderately wounded.
Sigmund zaps a wand.
The puff of flame hits you. You resist.
You hit Sigmund.
Sigmund is heavily wounded.
Sigmund points at you and mumbles some strange words.
The magic dart hits you.
You hit Sigmund but do no damage.
Sigmund is heavily wounded.
You closely miss the iguana.
Sigmund zaps a wand.
The puff of flame hits you. You resist. You block the iguana's attack.
Sigmund hits you with a +0 scythe.
You are too injured to fight recklessly!
You are too injured to fight recklessly!
You are too injured to fight recklessly!
Unknown command.
You are too injured to fight recklessly!
You are too injured to fight recklessly!
You slash Sigmund!
Sigmund is almost dead.
You hit the iguana.
The iguana bites you but does no damage. x2
Sigmund hits you with a +0 scythe!
* * * LOW HITPOINT WARNING * * *
You closely miss Sigmund.
Sigmund is almost dead.
You barely miss the iguana. You block the iguana's attack.
Sigmund zaps a wand.
The puff of flame hits you. You resist.
* * * LOW HITPOINT WARNING * * *
It was a potion of curing.
You feel better.
The iguana bites you but does no damage.
A worm comes into view.
Sigmund zaps a wand.
The puff of flame hits you. You resist.
You feel very mighty all of a sudden. The iguana bites you.
* * * LOW HITPOINT WARNING * * *
Sigmund hits you but does no damage.
You closely miss Sigmund.
Sigmund is almost dead.
You closely miss the iguana. The iguana bites you!
You die...

# #######.# #......
#..##############
##+#>.).l.......w...
#.......@@..$†...#
#.........#.####.#
#.........#.#
#.....<...#.#
#......####.#
#....... ..#
#........ ###
##......


You could see Sigmund, a worm and an iguana.

Vanquished Creatures
  2 adders (D:2)
  4 dart slugs
  An orc (D:5)
  4 ball pythons
  3 endoplasms
  2 hobgoblins (D:1)
  2 jackals (D:2)
  2 quokkas (D:2)
  4 bats
  A frilled lizard (D:2)
  2 goblins
  A kobold (D:3)
  2 rats (D:2)
30 creatures vanquished.

Notes
Turn   | Place    | Note
-------+----------+-------------------------------------------
     0 | D:1      | BritishOli the Demonspawn Fighter began the quest for the
                  | Orb.
     0 | D:1      | Reached XP level 1. HP: 18/18 MP: 1/1
   227 | D:1      | Gained mutation: You have a somewhat thin skeletal
                  | structure. (Dex +2, Stealth+) [demonic ancestry]
   227 | D:1      | Reached XP level 2. HP: 23/24 MP: 2/2
  1023 | D:2      | Found a radiant altar of Vehumet.
  1088 | D:2      | Reached XP level 3. HP: 27/29 MP: 3/3
  1549 | D:3      | Found a stormy altar of Qazlal.
  1690 | D:3      | You fall into a shaft and drop 3 floors!
  1736 | D:5      | Entered Level 5 of the Dungeon
  1753 | D:5      | Noticed Sigmund
  1766 | D:5      | Slain by an iguana

Illustrated notes

Levels and vault maps discovered:
D:1:      dpeg_arrival_more_subterranean_lakeside_camping, layout_basic,
          serial_bayou_pond_d
D:2:      minmay_recursive_quarters, layout_loops_ring, basic_altar
D:3:      layout_loops_corners, dancing_weapons_uskayaw,
          nicolae_qazlal_scattered_showers, grunt_ministairs_9,
          minmay_fractal_squares_diagonal_5
D:5:      layout_basic, nicolae_overflow_hidden_temple,
          cheibrodos_sewer_entry_sluice, nicolae_shop_sticking_my_neck_out,
          uniq_sigmund
D:6:      layout_basic, lemuel_round_altar, uniq_maggie

Skill      XL: |  1  2 |
---------------+-------+-----
Axes           | 2 |  2.3
Shields        | 3 |  3.1
Armour         | 3 |  3.1
Fighting       | |  3.5

Action                     || total
---------------------------++-------
  Melee: War axe           ||   117
    Use: Potion            ||     2
 Armour: Scale mail        ||    69
  Dodge: Dodged            ||    47
  Block: Buckler           ||    27

Table legend: (Time is in decaauts)
 A = Elapsed time spent in this place.
 B = Non-inter-level travel time spent in this place.
 C = Inter-level travel time spent in this place.
 D = Time resting spent in this place.
 E = Time spent auto-exploring this place.
 F = Levels seen in this place.
 G = Mean time per level.
                   A        B        C        D        E       F      G
               +--------+--------+--------+--------+--------+-----+--------+
         Total |   1814 |   1752 |     62 |      0 |   1474 |   5 |  362.8 |
       Dungeon |   1814 |   1752 |     62 |      0 |   1474 |   5 |  362.8 |
               +--------+--------+--------+--------+--------+-----+--------+

Top non-repeatable levels by time:
     D:2: 894 daAuts
     D:1: 659 daAuts
     D:3: 178 daAuts
     D:6: 45 daAuts
     D:5: 36 daAuts
